 Dungeon Crawl Stone Soup version 0.30-a0-1094-g860fb061e7 (webtiles) character file.

Game seed: 2872035592428747512

131 lunkers the Slasher (level 5, -5/43 (45) HPs)
             Began as a Meteoran Fighter on Apr 17, 2023.
             Slain by a wight
             ... wielding a +3 battleaxe
              (19 damage)
             ... on level 4 of the Dungeon.
             The game lasted 00:03:36 (1379 turns).

lunkers the Slasher (Meteoran Fighter)              Turns: 1379, Time: 00:03:37

HP:   -5/43 (45)    AC:  6    Str: 19    XL:     5   Next: 65%
MP:   6/6           EV:  9    Int: 10    God:
Gold: 273           SH:  5    Dex: 13    Spells: 4/4 levels left

rFire   . . .      SeeInvis .    a - +1 short sword (drain)
rCold   . . .      Faith    .    c - +0 buckler
rNeg    . . .      Spirit   .    f - +0 scale mail
rPois   .          Reflect  .    (no helmet)
rElec   .          Rampage  .    i - scarf {shadows}
rCorr   .                        (no gloves)
Will    .....                    (no boots) Stlth
                                 (no amulet)
HPRegen 0.27/turn                (no ring)
MPRegen 0.10/turn                (no ring)

@: glowing, lightly drained
A: sense surroundings 1, otherworldly, glowing, explore regen
a: no special abilities


You were on level 4 of the Dungeon.
You visited 1 branch of the dungeon, and saw 4 of its levels.

You collected 273 gold pieces.

Inventory:

Hand Weapons
 a - a +1 short sword of draining (weapon)
 b - a +0 dagger of flaming
 m - a +0 long sword
Armour
 c - a +0 buckler (worn)
 f - a +0 scale mail (worn)
 i - a scarf of shadows (worn)
 n - an orb of wrath
Scrolls
 e - 2 scrolls of teleportation {unknown}
 g - a scroll of enchant weapon {unknown}
 k - a scroll of summoning {unknown}
Potions
 d - a potion of might
 h - a potion of cancellation {unknown}
 j - 2 potions of degeneration {unknown}
 l - a potion of attraction {unknown}
 o - a potion of lignification {unknown}


   Skills:
 - Level 3.2 Fighting
 + Level 3.6(4.5) Short Blades
 - Level 4.5(5.3) Long Blades
 - Level 3.6 Armour
 - Level 3.6 Shields


You had 4 spell levels left.
You didn't know any spells.
Your spell library contained the following spells:

 Spells                   Type           Power      Damage    Failure   Level
 Beastly Appendage        Tmut           0%         N/A       82%         1
 Foxfire                  Conj/Fire      0%         2x1d4     82%         1
 Scorch                   Fire           0%         2d5       91%         2
 Wereblood                Tmut           0%         N/A       91%         2
 Spider Form              Tmut/Pois      0%         N/A       99%         3
 Flame Wave               Conj/Fire      0%         2d4       100%        4
 Fireball                 Conj/Fire      0%         3d3       100%        5
 Plasma Beam              Fire/Air       0%         2x1d11    100%        6
 Starburst                Conj/Fire      0%         6d3       100%        6
 Summon Cactus Giant      Summ           0%         N/A       100%        6


Dungeon Overview and Level Annotations

Branches:
Dungeon (4/15) Zot: 1002   Temple (0/1) D:4

Altars:


Innate Abilities, Weirdness & Mutations

You passively map a small area around you.
You are easily found by Zot.
You glow in the dark.
You regain HP and MP as you explore.


Message History

You hit the iguana.
The iguana is almost dead.
The iguana bites you.
* * * LOW HITPOINT WARNING * * *
You hit the iguana.
You kill the iguana!
o - a clear potion
Found a staircase to the Ecumenical Temple.
A ball python and a wight come into view.
The ball python hisses angrily.
A wight comes into view. It is wielding a +3 dire flail.
Found 4 stones.
A wight comes into view. It is wielding a +5 falchion.
The ball python barely misses you. The ball python grabs you.
The ball python constricts you.
The ball python's grasp on you weakens, but your attempt to escape fails.
The ball python closely misses you. The ball python constricts you.
The wight barely misses you.
You escape the ball python's grasp.
The ball python bites you. You block the ball python's attack.
The ball python attacks as you move away!
The ball python closely misses you. The ball python completely misses you.
There is a stone staircase leading up here.
The ball python closely misses you. x2
You hit the ball python. You drain the ball python.
You kill the ball python!
No target in view!
No target in view!
You hit the wight but do no damage.
The wight hits you with a +3 dire flail!
* * * LOW HITPOINT WARNING * * *
You hit the wight.
The wight is lightly damaged.
The wight hits you with a +3 battleaxe!
* * * LOW HITPOINT WARNING * * *
You feel drained. You block the wight's attack.
You hit the wight.
The wight is lightly damaged.
The wight hits you with a +3 battleaxe!!
You die...

.#...8.>.8...#, #
,..#.......#.. #.
*#...#.8.#.... #.
#.......## ,*
###.### #..#.#...# *
#.....###..z...#.#
,*
#.....z.#...#....# ,
#z#.#.#........
*,,*#@#.<...#....##,
* * , #.z....###.#.#
###....## .... *
#.......# ..,
#...........# , *
...###...<...# * .
#......... * , ,
#.......#.., * *,
#.......##.* **


You could see 3 wights.

Vanquished Creatures
  An iguana (D:4)
  3 adders
  3 gnolls
  2 dart slugs (D:1)
  An orc (D:3)
  5 bats
  3 endoplasms
  A goblin (D:2)
  3 hobgoblins
  5 jackals
  3 quokkas
  6 ball pythons
  6 frilled lizards
  3 kobolds
  5 rats
50 creatures vanquished.

Vanquished Creatures (others)
  5 toadstools (D:1)
5 creatures vanquished.

Grand Total: 55 creatures vanquished

Notes
Turn   | Place    | Note
-------+----------+-------------------------------------------
     0 | D:1      | lunkers the Meteoran Fighter began the quest for the Orb.
     0 | D:1      | Reached XP level 1. HP: 19/19 MP: 2/2
    63 | D:1      | Reached skill level 3 in Long Blades
    63 | D:1      | Reached XP level 2. HP: 25/26 MP: 3/3
   235 | D:1      | Reached XP level 3. HP: 18/31 MP: 4/4
   374 | D:1      | Reached skill level 4 in Long Blades
   926 | D:2      | Reached XP level 4. HP: 17/34 MP: 5/5
   979 | D:2      | Reached skill level 1 in Short Blades
  1107 | D:3      | Reached XP level 5. HP: 29/45 MP: 6/6
  1361 | D:4      | Found a staircase to the Ecumenical Temple.
  1379 | D:4      | Slain by a wight

Illustrated notes

Levels and vault maps discovered:
D:1:      dpeg_arrival_rooms_c, layout_basic, hangedman_decor_clover_reticule,
          minmay_gold_behind_fungi
D:2:      layout_basic, minmay_rat_gold_closets
D:3:      minmay_recursive_quarters, layout_basic,
          pdpol_wu_jian_five_deadly_venoms, uniq_natasha, uniq_sigmund
D:4:      layout_loops_cross, nicolae_overflow_hallway_of_the_gods,
          minmay_temple_entry_sparse_star, gup_sewer_entry_bubbles,
          uniq_blork_the_orc, uniq_eustachio

Skill      XL: |  1  2  3  4  5 |
---------------+----------------+-----
Long Blades    | 3 4 |  4.5
Short Blades   | 2 3 |  3.6
Fighting       | |  3.2
Armour         | |  3.6
Shields        | |  3.6

Action                     |  1- 3 |  4- 6 || total
---------------------------+-------+-------++-------
  Melee: Long sword        |    99 |       ||    99
         Short sword       |    21 |    63 ||    84
 Armour: Scale mail        |    61 |    17 ||    78
  Dodge: Dodged            |    71 |    18 ||    89
  Block: Buckler           |    33 |    20 ||    53

Table legend: (Time is in decaauts)
 A = Elapsed time spent in this place.
 B = Non-inter-level travel time spent in this place.
 C = Inter-level travel time spent in this place.
 D = Time resting spent in this place.
 E = Time spent auto-exploring this place.
 F = Levels seen in this place.
 G = Mean time per level.
                   A        B        C        D        E       F      G
               +--------+--------+--------+--------+--------+-----+--------+
         Total |   1396 |   1349 |     47 |      0 |    756 |   4 |  349.0 |
       Dungeon |   1396 |   1349 |     47 |      0 |    756 |   4 |  349.0 |
               +--------+--------+--------+--------+--------+-----+--------+

Top non-repeatable levels by time:
     D:3: 519 daAuts
     D:2: 442 daAuts
     D:1: 393 daAuts
     D:4: 41 daAuts
